 Dungeon Crawl Stone Soup version 0.31-a0-875-g02e7d12df6 (webtiles) character file.

Game seed: 1489001081852460013

61620 hikkokomori the Fighter (level 15, -5/118 HPs)
             Began as a Human Hunter on Oct 12, 2023.
             Was a Priest of Zin.
             Killed from afar by a deep elf knight (30 damage)
             ... with a shard of ice
             ... on level 1 of the Elven Halls.
             The game lasted 01:20:16 (22751 turns).

hikkokomori the Fighter (Human Hunter)             Turns: 22751, Time: 01:20:17

Health: -5/118     AC: 18    Str: 11      XL:     15   Next: 42%
Magic:  22/25      EV: 22    Int:  5 (7)  God:    Zin [***...]
Gold:   1136       SH:  5    Dex: 38      Spells: 21/31 levels left

rFire   . . .        D - +4 dagger "Suicliol" {venom, rF- Int-4 Dex+5 Stlth+}
rCold   . . .        (no shield)
rNeg    . . .        H - +2 steam dragon scales
rPois   +            i - +0 helmet
rElec   +            F - +2 cloak
rCorr   .            w - +0 pair of gloves
SInv    +            g - +0 pair of boots
Will    ++...        S - amulet of reflection
Stlth   +++++++      d - ring of willpower
HPRegen 0.39/turn    j - +6 ring of dexterity
MPRegen 0.19/turn

%: reflection
@: no status effects
A: hooves 1, iridescent scales 2, see invisible, agile 2, deterioration 1, fire
resistance 1, low MP 1, poison resistance, electricity resistance, inability to
drink after injury 1, MP-powered wands
a: Renounce Religion, Recite, Vitalisation, Imprison, Donate Gold


You were on level 1 of the Elven Halls.
You worshipped Zin.
Zin was most pleased with you.
You visited 5 branches of the dungeon, and saw 19 of its levels.

You collected 1459 gold pieces.
You spent 185 gold pieces at shops.
You donated 138 gold pieces to Zin.

Inventory:

Hand Weapons
 a - a +1 shortbow
 p - the +5 short sword of Cogeguff {flame, rF+ rN++ Str-2}
   (You took it off a goblin on level 4 of the Dungeon)

   Str-2:     It affects your strength (-2).
   rF+:       It protects you from fire.
   rN++:      It greatly protects you from negative energy.
 r - a +4 antimagic spear
 D - the +4 dagger "Suicliol" (weapon) {venom, rF- Int-4 Dex+5 Stlth+}
   (You found it on level 6 of the Dungeon)

   Int-4:     It affects your intelligence (-4).
   Dex+5:     It affects your dexterity (+5).
   rF-:       It makes you vulnerable to fire.
   Stlth+:    It makes you more stealthy.
 L - a +1 scimitar of flaming
Missiles
 t - 2 throwing nets
 B - 3 darts of dispersal
 N - a curare-tipped dart
Armour
 c - a +1 robe of resistance
 g - a +0 pair of boots (worn)
 i - a +0 helmet (worn)
 w - a +0 pair of gloves (worn)
 F - a +2 cloak (worn)
 H - +2 steam dragon scales (worn)
 P - a +2 robe of cold resistance
Magical Staves
 U - a staff of conjuration
Jewellery
 d - a ring of willpower (left hand)
 f - a ring of ice
 j - a +6 ring of dexterity (right hand)
 o - a +6 ring of intelligence
 u - a ring of poison resistance
 M - a +6 ring of strength
 S - an amulet of reflection (around neck)
Wands
 k - a wand of iceblast (13)
 C - a wand of mindburst (10)
 J - a wand of quicksilver (4)
Scrolls
 b - a scroll of butterflies
 q - a scroll of vulnerability
 s - 2 scrolls of amnesia
 A - 3 scrolls of teleportation
 E - 5 scrolls of fog
 K - 3 scrolls of enchant weapon
 R - 2 scrolls of fear
 T - 2 scrolls of blinking
Potions
 e - a potion of might
 h - a potion of heal wounds
 l - a potion of mutation
 n - 2 potions of haste
 x - 2 potions of brilliance
 z - 3 potions of curing
Miscellaneous
 y - a phial of floods (quivered)


   Skills:
 - Level 11.1 Fighting
 + Level 9.0 Short Blades
 - Level 8.0 Ranged Weapons
 - Level 3.3 Armour
 - Level 7.1 Dodging
 + Level 10.3 Stealth
 + Level 8.8 Spellcasting
 - Level 8.1 Conjurations
 + Level 2.0 Ice Magic
 - Level 8.6 Air Magic
 + Level 4.0 Invocations
 - Level 8.0 Evocations


You had 21 spell levels left.
You knew the following spells:

 Your Spells              Type           Power      Damage    Failure   Level
a - Arcjolt               Conj/Air       5%         1d15      21%         5
b - Freezing Cloud        Conj/Ice/Air   4%         6-21      43%         5

Your spell library contained the following spells:

 Spells                   Type           Power      Damage    Failure   Level
 Cigotuvi's Dreadful Rot  Necr/Pois/Air  10%        N/A       11%         2
 Stone Arrow              Conj/Erth      12%        3d7       12%         3
 Necrotise                Necr           8%         1d4       22%         1
 Sublimation of Blood     Necr           2%         N/A       32%         2
 Vhi's Electric Charge    Tloc/Air       12%        N/A       36%         4
 Ignite Poison            Fire/Tmut/Pois 2%         N/A       54%         3
 Vampiric Draining        Necr           2%         2d6       54%         3
 Irradiate                Conj/Tmut      3%         3d12      75%         5
 Animate Armour           Summ/Erth      4%         N/A       91%         4
 Petrify                  Tmut/Erth      2%         N/A       91%         4
 Agony                    Necr           2%         N/A       99%         5
 Plasma Beam              Fire/Air       3%         2x1d13    99%         6
 Lehudib's Crystal Spear  Conj/Erth      3%         10d2      100%        8


Dungeon Overview and Level Annotations

Branches:
Dungeon (12/15)            Temple (1/1) D:7            Lair (3/5) D:11
  Swamp (0/4) Lair:3       Spider (0/4) Lair:3          Orc (2/2) D:11
    Elf (1/3) Orc:2

Altars:
Ashenzari
Cheibriados
Dithmenos
Elyvilon
Fedhas
Gozag
Hepliaklqana
Kikubaaqudgha
Makhleb
Nemelex Xobeh
Okawaru
Qazlal
Ru
Sif Muna
Trog
Uskayaw
Vehumet
Wu Jian
Xom
Yredelemnul
Zin

Shops:
D:4 [   D:5 *   D:9 *   D:11 ?   Orc:2 ?!(:

Annotations:
D:8 2 transporters, gribnar's ghost, novice MiFi


Innate Abilities, Weirdness & Mutations

You have large cloven feet.
You are mostly covered in iridescent scales. (AC +4)
You have supernaturally acute eyesight. (SInv)
You are very agile. (Dex +8, Str/Int -2)
Your body sometimes deteriorates upon taking damage.
Your flesh is heat resistant. (rF+)
Your magical capacity is low. (-10% MP)
Your system is resistant to poisons. (rPois)
You are resistant to electric shocks. (rElec)
You occasionally lose the ability to drink potions when taking damage.
You expend magic power (3 MP) to strengthen your wands.


Message History

The deep elf knight hits you with a +4 scimitar!
* * * LOW HITPOINT WARNING * * *
Okay, then.
Aiming: Imprison (21% risk of failure)
Press: ? - help, Dir - move target, f - deep elf knight
Aim: a deep elf knight, wielding a +4 scimitar and wearing a +0 leather armour (heavily wounded)
You need more space to imprison the deep elf knight.
Unknown command.
Unknown command.
You hit the deep elf knight.
The deep elf knight is heavily wounded.
Unknown command.
You hit the deep elf knight.
The deep elf knight is poisoned.
Your punch misses the deep elf knight.
The deep elf knight is heavily wounded.
The deep elf knight casts a spell at you.
The shard of ice hits you but does no damage.
You feel better. You block the deep elf knight's attack.
You hit the deep elf knight.
The deep elf knight looks as sick as possible!
The deep elf knight is heavily wounded.
You hit the deep elf knight.
The deep elf knight looks as sick as possible!
The deep elf knight is heavily wounded.
The deep elf knight completely misses you.
The deep elf knight attacks as it pursues you!
The deep elf knight closely misses you.
There is an open door here.
The deep elf knight gestures at you while chanting.
The shard of ice misses you.
Aiming: Mindburst
Press: ? - help, Shift-Dir - straight line, f/p - deep elf knight
Aim: a deep elf knight, wielding a +4 scimitar and wearing a +0 leather armour (heavily wounded, extremely poisoned, chance to affect: 51%)
You feel a surge of power!
The deep elf knight resists with significant effort.
You hit the deep elf knight.
The deep elf knight is severely wounded.
The deep elf knight points at you and mumbles some strange words.
The shard of ice hits you!!
You die...

##.## #.#
##.#
######'##
#.# ##.
#.....##
#.# ##
##.....##
#.# #
#.......#
#.# #
#.......#
#.# #
#.......#
#.# #
##....%##
#..@..+#
###e###.#
#.# #.#
#.# #'.
#.# ...
#.# ....
#.# ?..
#.# ...
#.#


You could see a deep elf knight (extremely poisoned).

Vanquished Creatures
  Louise (Elf:1)
  An orc warlord (Orc:1)
  Josephine (Orc:2)
  2 catoblepae (Lair:3)
  A hydra (Lair:3)
  Erica (Orc:1)
  12 two-headed ogres
  3 ogre magi (Orc:2)
  2 boulder beetles
  A dancing weapon (Elf:1)
  Amaemon (Lair:3)
  3 bog bodies (Lair:3)
  A glowing orange brain (shapeshifter) (Elf:1)
  Pikel (D:9)
  2 deep elf archers (Elf:1)
  4 deep elf pyromancers (Elf:1)
  3 orc knights (Orc:1)
  4 deep elf zephyrmancers (Elf:1)
  An oklob plant (Lair:1)
  An ugly thing (D:11)
  5 elephants (Lair:3)
  A cyclops (D:11)
  A black mamba (Lair:1)
  An orange demon (Lair:3)
  2 komodo dragons
  7 cane toads
  A rime drake (Lair:3)
  A kobold demonologist (D:9)
  6 trolls
  2 polar bears
  Prince Ribbit (D:7)
  A hornet (Lair:1)
  9 blink frogs
  3 shadows
  2 wyverns
  5 wraiths
  4 culicivoras (Lair:3)
  2 water elementals (Elf:1)
  37 yaks
  4 steam dragons
  An acid dragon (D:9)
  3 water moccasins
  22 orc warriors
  2 ice beasts (D:7)
  A sky beast (D:7)
  6 black bears
  22 ogres
  4 wolves (Lair:1)
  7 centaurs
  A phantom (D:7)
  2 lemures (D:9)
  2 kobold brigands
  5 bullfrogs
  2 gnoll sergeants
  6 scorpions
  4 wights (D:10)
  5 killer bees (D:7)
  A howler monkey (D:5)
  3 electric eels
  5 hounds
  12 orc priests
  A jelly (D:7)
  2 sleepcaps
  Jessica (D:3)
  4 iguanas
  16 orc wizards
  Robin (D:2)
  10 gnolls
  8 adders
  A shadow imp (D:6)
  2 worms
  59 orcs
  A ball python (D:3)
  9 endoplasms
  2 giant cockroaches (D:4)
  12 goblins
  12 hobgoblins
  8 jackals
  A quokka (D:5)
  4 bats
  A frilled lizard (D:1)
  16 kobolds
  4 rats
432 creatures vanquished.

Vanquished Creatures (collateral kills)
  An ogre mage (Orc:2)
  4 two-headed ogres
  A blink frog (Lair:1)
  A slime creature (shapeshifter) (Lair:2)
  3 orc warriors (Orc:1)
  4 ogres
  A gnoll sergeant (D:10)
  A bullfrog (D:11)
  A howler monkey (D:10)
  3 orc priests
  2 orc wizards (Orc:1)
  3 orcs
25 creatures vanquished.

Vanquished Creatures (others)
  Aizul (Elf:1)
  A two-headed ogre (Orc:2)
  A deep elf pyromancer (D:11)
  A centaur simulacrum (D:11)
  An acid dragon (D:11)
  An ogre (Orc:2)
6 creatures vanquished.

Grand Total: 463 creatures vanquished

Notes
Turn   | Place    | Note
-------+----------+-------------------------------------------
     0 | D:1      | hikkokomori the Human Hunter began the quest for the Orb.
     0 | D:1      | Reached XP level 1. HP: 16/16 MP: 1/1
   109 | D:1      | Reached XP level 2. HP: 22/22 MP: 2/2
   234 | D:1      | Found a faded altar of an unknown god.
   379 | D:1      | Reached XP level 3. HP: 28/28 MP: 3/3
   669 | D:2      | Reached XP level 4. HP: 33/34 MP: 4/4
   980 | D:2      | Reached skill level 3 in Fighting
  1064 | D:2      | Noticed Robin
  1135 | D:2      | Killed Robin
  1136 | D:2      | Reached XP level 5. HP: 25/41 MP: 5/5
  1685 | D:3      | Noticed Jessica
  1691 | D:3      | Killed Jessica
  2304 | D:4      | Reached skill level 5 in Ranged Weapons
  2304 | D:4      | Reached XP level 6. HP: 35/48 MP: 6/6
  2424 | D:4      | Reached skill level 4 in Fighting
  2594 | D:4      | Identified the +5 short sword of Cogeguff {flame, rF+ rN++
                  | Str-2}
  2793 | D:4      | Found Jasal's Armour Shoppe.
  2949 | D:5      | Entered Level 5 of the Dungeon
  2981 | D:4      | Reached XP level 7. HP: 51/54 MP: 7/7
  3060 | D:5      | Reached skill level 1 in Short Blades
  3188 | D:5      | Found Zin's Purification Station.
  3192 | D:5      | Found a glowing silver altar of Zin.
  3725 | D:6      | Reached XP level 8. HP: 56/61 MP: 8/8
  3751 | D:6      | Reached skill level 5 in Fighting
  3756 | D:6      | Reached skill level 5 in Stealth
  4270 | D:6      | Identified the +4 dagger "Suicliol" {venom, rF- Int-4 Dex+5
                  | Stlth+}
  4519 | D:7      | Reached skill level 1 in Evocations
  4885 | D:7      | Reached XP level 9. HP: 61/69 MP: 9/9
  4986 | D:7      | Reached skill level 6 in Fighting
  5168 | D:7      | Noticed Prince Ribbit
  5186 | D:7      | You fall into a shaft and drop 3 floors!
  5186 | D:10     | Entered Level 10 of the Dungeon
  5213 | D:9      | Found Audusoc's Alliterative Armaments.
  5590 | D:9      | Reached skill level 5 in Short Blades
  5607 | D:9      | Reached skill level 7 in Fighting
  5607 | D:9      | Reached XP level 10. HP: 10/79 MP: 10/10
  6240 | D:8      | Learned a level 5 spell: Arcjolt
  6551 | D:8      | Found a transporter.
  6552 | D:8      | Noticed gribnar's ghost (novice MiFi)
  6558 | D:8      | Identified the +2 great mace of Greatest Utility {vamp,
                  | Fragile rF+ rN+ Will+}
  6572 | D:8      | Found a transporter.
  7129 | D:7      | Killed Prince Ribbit
  7130 | D:7      | Reached skill level 1 in Spellcasting
  7337 | D:7      | Found a staircase to the Ecumenical Temple.
  7585 | Temple   | Entered the Ecumenical Temple
  7685 | Temple   | Became a worshipper of Xom of Chaos
  7798 | D:7      | Reached skill level 5 in Evocations
  7839 | D:7      | XOM: silly message
  8095 | D:7      | XOM: silly message
  8139 | D:9      | XOM: scenery: 1 doors open
  8259 | D:9      | XOM: silly message
  8324 | D:9      | XOM: cast spell 'Call Canine Familiar'
  8591 | D:9      | Noticed Pikel
  8598 | D:9      | XOM: silly message
  8603 | D:9      | Killed Pikel
  8604 | D:9      | Reached skill level 1 in Air Magic
  8610 | D:9      | Noticed a kobold demonologist
  8655 | D:9      | XOM: potion effect (brilliance)
  8661 | D:9      | Noticed a boulder beetle
  8661 | D:9      | XOM: potion effect (invisibility)
  8670 | D:9      | Killed a kobold demonologist
  8682 | D:9      | XOM: silly message
  8713 | D:9      | Killed a boulder beetle
  8714 | D:9      | Reached skill level 8 in Fighting
  8714 | D:9      | Reached XP level 11. HP: 85/86 MP: 15/15
  8714 | D:9      | XOM: enchant monster (bad)
  8722 | D:9      | XOM: potion effect (experience)
  8722 | D:9      | Reached skill level 9 in Fighting
  8722 | D:9      | Reached XP level 12. HP: 95/95 MP: 15/19
  8759 | D:9      | XOM: silly message
  9190 | D:10     | XOM is BORED!
  9190 | D:10     | XOM: give mutations
  9190 | D:10     | Gained mutation: Your muscles are strong. (Str +4, Int/Dex
                  | -1) [Xom's mischief]
  9190 | D:10     | Lost mutation: Your muscles are strong. (Str +4, Int/Dex
                  | -1) [Xom's mischief]
  9212 | D:10     | Reached skill level 5 in Spellcasting
  9225 | D:10     | XOM: scenery: create altars
  9227 | D:10     | XOM: give mutations
  9227 | D:10     | Gained mutation: Your mind is acute. (Int +4, Str/Dex -1)
                  | [Xom's mischief]
  9227 | D:10     | Gained mutation: You are occasionally teleported next to
                  | monsters. [Xom's mischief]
  9227 | D:10     | Gained mutation: You are partially covered in iridescent
                  | scales. (AC +2) [Xom's mischief]
  9227 | D:10     | Gained mutation: You occasionally shout uncontrollably at
                  | your foes. [Xom's mischief]
  9229 | D:10     | Lost mutation: Your mind is acute. (Int +4, Str/Dex -1)
                  | [potion of mutation]
  9229 | D:10     | Lost mutation: You are partially covered in iridescent
                  | scales. (AC +2) [potion of mutation]
  9229 | D:10     | Gained mutation: Your flesh is heat resistant. (rF+)
                  | [potion of mutation]
  9229 | D:10     | Gained mutation: Your mind is acute. (Int +4, Str/Dex -1)
                  | [potion of mutation]
  9229 | D:10     | Gained mutation: You are partially covered in large bone
                  | plates. (SH +4) [potion of mutation]
  9230 | D:10     | Lost mutation: You occasionally shout uncontrollably at
                  | your foes. [potion of mutation]
  9230 | D:10     | Lost mutation: You are partially covered in large bone
                  | plates. (SH +4) [potion of mutation]
  9230 | D:10     | Lost mutation: You are occasionally teleported next to
                  | monsters. [potion of mutation]
  9230 | D:10     | Lost mutation: Your mind is acute. (Int +4, Str/Dex -1)
                  | [potion of mutation]
  9294 | D:10     | XOM: fake destruction
  9516 | D:10     | Reached skill level 1 in Armour
  9516 | D:10     | Reached skill level 5 in Air Magic
  9659 | D:10     | XOM: god gift: murky clear potion {god gift}
  9929 | D:10     | XOM: 1-stop teleportation journey
 10101 | D:10     | Noticed a two-headed ogre
 10106 | D:10     | Killed a two-headed ogre
 10186 | D:10     | Noticed a two-headed ogre
 10198 | D:10     | Killed a two-headed ogre
 10200 | D:10     | XOM: summons 7 friendly demons
 10502 | D:10     | XOM: polymorph yak -> komodo dragon
 10834 | D:11     | Found Vucinegh's Magic Scroll Emporium.
 10842 | D:11     | Bought a scroll of teleportation for 30 gold pieces
 10842 | D:11     | Bought a scroll of fog for 40 gold pieces
 10877 | D:11     | Noticed a two-headed ogre
 10894 | D:11     | XOM: 2-stop teleportation journey
 10900 | D:11     | Noticed a boulder beetle
 11007 | D:11     | Noticed a rakshasa
 11007 | D:11     | Noticed a centaur warrior
 11020 | D:11     | Found a staircase to the Orcish Mines.
 11106 | D:11     | Noticed a boulder beetle
 11111 | D:11     | Found a staircase to the Lair.
 11111 | D:11     | XOM: swap monsters
 11116 | D:11     | XOM: confusion
 11148 | D:11     | XOM: enchant monster (good)
 11168 | D:11     | XOM: repel stairs
 11171 | D:11     | XOM: stat loss: -1 Str (11/13)
 11175 | D:11     | Killed a boulder beetle
 11217 | D:11     | XOM: confusion
 11323 | D:11     | XOM: chaos cloud
 11325 | D:11     | XOM: swap monsters
 11326 | D:11     | XOM: divine lightning
 11842 | D:11     | XOM: cast spell 'Summon Cactus Giant'
 11849 | D:11     | Killed a two-headed ogre
 11850 | D:11     | Reached skill level 5 in Conjurations
 11850 | D:11     | Reached XP level 13. HP: 101/101 MP: 21/21
 11924 | Lair:1   | Entered Level 1 of the Lair of Beasts
 11987 | Lair:1   | XOM: fake destruction
 11989 | Lair:1   | XOM: cast spell 'Alistair's Intoxication'
 12013 | Lair:1   | XOM: cleaving
 12134 | Lair:1   | XOM: god gift: phial of floods
 12250 | Lair:1   | XOM: summons 8 friendly demons
 12437 | Lair:1   | XOM: god gift: scroll labelled XASITSA DAFEFA {god gift}
 12495 | Lair:1   | XOM: 1-stop teleportation journey
 12865 | Lair:1   | Reached skill level 5 in Dodging
 12977 | Lair:2   | XOM: fog
 12986 | Lair:2   | XOM: smoke on damage
 13152 | Lair:1   | XOM: god gift: potion of degeneration
 13234 | Lair:2   | XOM: give mutation
 13234 | Lair:2   | Gained mutation: You have supernaturally acute eyesight.
                  | (SInv) [Xom's grace]
 13349 | Lair:2   | XOM: scenery: create altars
 13407 | Lair:2   | XOM: polymorph skyshark -> glowing shapeshifter
 13417 | Lair:2   | XOM: potion effect (might)
 13419 | Lair:2   | XOM: cast spell 'Call Canine Familiar'
 13559 | Lair:2   | XOM: divination: magic mapping
 13736 | Lair:2   | XOM: potion effect (might)
 13740 | Lair:2   | XOM: potion effect (heal wounds)
 13879 | Lair:2   | XOM: silly message
 13891 | Lair:2   | XOM: potion effect (haste)
 14294 | Lair:2   | HP: 5/101 [poisoned by a cane toad]
 14378 | Lair:2   | XOM: divination: detect creatures
 14625 | Lair:2   | XOM: 8-stop teleportation journey
 14686 | Lair:2   | XOM: chaos cloud
 14931 | Lair:2   | XOM: torment (52/101 hp)
 15025 | Lair:2   | XOM: give mutations
 15025 | Lair:2   | Gained mutation: You occasionally lose the ability to drink
                  | potions when taking damage. [Xom's mischief]
 15025 | Lair:2   | Gained mutation: You are partially covered in iridescent
                  | scales. (AC +2) [Xom's mischief]
 15025 | Lair:2   | Gained mutation: Your body sometimes deteriorates upon
                  | taking damage. [Xom's mischief]
 15025 | Lair:2   | Gained mutation: You have large cloven feet. [Xom's
                  | mischief]
 15036 | Lair:2   | XOM: 2-stop teleportation journey
 15380 | Lair:3   | Noticed a catoblepas
 15394 | Lair:3   | XOM: repel stairs
 15408 | Lair:3   | XOM: confuse monster(s)
 15500 | Orc:1    | Entered Level 1 of the Orcish Mines
 15569 | Orc:1    | XOM: summons 13 friendly demons
 15651 | D:11     | XOM: give mutations
 15651 | D:11     | Gained mutation: Your magical capacity is low. (-10% MP)
                  | [Xom's mischief]
 15651 | D:11     | Gained mutation: You are clumsy. (Dex -2) [Xom's mischief]
 15651 | D:11     | Gained mutation: You expend magic power (3 MP) to
                  | strengthen your wands. [Xom's mischief]
 15651 | D:11     | Lost mutation: You are clumsy. (Dex -2) [Xom's mischief]
 15851 | D:11     | XOM: god gift: 42 gold pieces
 15863 | Orc:1    | Noticed Erica
 15863 | Orc:1    | XOM: 1-stop teleportation journey
 15876 | Orc:1    | Killed Erica
 15881 | Orc:1    | XOM: polymorph orc -> kobold
 15885 | Orc:1    | XOM: 1-stop teleportation journey
 15953 | Orc:1    | XOM: god gift: 4 stones
 16010 | Orc:1    | Noticed an orc warlord
 16012 | Orc:1    | XOM: enchant monster (bad)
 16027 | Orc:1    | XOM: confuse monster(s)
 16033 | Orc:1    | Killed an orc warlord
 16045 | Orc:1    | XOM: give mutations
 16045 | Orc:1    | Gained mutation: You are resistant to electric shocks.
                  | (rElec) [Xom's grace]
 16045 | Orc:1    | Gained mutation: You are agile. (Dex +4, Str/Int -1) [Xom's
                  | grace]
 16045 | Orc:1    | Gained mutation: You are very agile. (Dex +8, Str/Int -2)
                  | [Xom's grace]
 16045 | Orc:1    | Gained mutation: You are mostly covered in iridescent
                  | scales. (AC +4) [Xom's grace]
 16208 | Orc:1    | XOM: summons 3 hostile demons
 16357 | Orc:2    | Entered Level 2 of the Orcish Mines
 16387 | Orc:2    | XOM: confuse monster(s)
 16493 | Orc:2    | XOM: silly message
 16586 | Orc:2    | Reached skill level 10 in Fighting
 16602 | Orc:2    | XOM: cast spell 'Summon Cactus Giant'
 16612 | Orc:2    | Reached XP level 14. HP: 69/110 MP: 22/22
 17270 | Orc:2    | Noticed Josephine
 17280 | Orc:2    | Killed Josephine
 17291 | Orc:2    | XOM: silly message
 17304 | Orc:2    | XOM: silly message
 17590 | Orc:2    | XOM: summons friendly smoke demon
 17644 | Orc:2    | XOM: god gift: 5 stones
 17706 | Orc:2    | XOM: divine lightning
 17718 | Orc:2    | XOM: summons 14 friendly demons
 17987 | Orc:2    | XOM: fake destruction
 18030 | Orc:2    | XOM: give mutation
 18030 | Orc:2    | Gained mutation: Your system is resistant to poisons.
                  | (rPois) [Xom's grace]
 18073 | Orc:2    | XOM: scenery: summon butterflies
 18111 | Orc:2    | XOM: summons 14 friendly demons
 18156 | Orc:2    | XOM: enchant monster (good)
 18160 | Orc:2    | XOM: enchant monster (bad)
 18212 | Orc:2    | XOM: enchant monster (bad)
 18657 | D:5      | Fell from the grace of Xom
 18657 | D:5      | Became a worshipper of Zin the Law-Giver
 18657 | D:5      | Reached * piety under Zin
 18657 | D:5      | Reached ** piety under Zin
 19041 | Lair:3   | Found a hole to the Spider Nest.
 19082 | Lair:3   | Reached *** piety under Zin
 19391 | Lair:3   | Reached skill level 1 in Invocations
 19624 | Lair:3   | Noticed Amaemon
 19640 | Lair:3   | Killed Amaemon
 19935 | Lair:2   | XOM: cloud trail
 20136 | Lair:3   | XOM: noise
 20195 | Lair:3   | Found a staircase to the Swamp.
 20217 | Lair:3   | Reached XP level 15. HP: 6/117 MP: 24/24
 20259 | Lair:3   | XOM: silly message
 20481 | Lair:3   | XOM: silly message
 21225 | Orc:2    | Reached skill level 11 in Fighting
 21266 | Orc:2    | Found Nauzezewn's Weapon Shoppe.
 21266 | Orc:2    | Found Muedic's Book Boutique.
 21267 | Orc:2    | Found Donousorph's Magic Scroll Shop.
 21267 | Orc:2    | Found Hymouk's Distillery.
 21277 | Orc:2    | Bought a scroll of blinking for 82 gold pieces
 21277 | Orc:2    | Bought a scroll of teleportation for 33 gold pieces
 21297 | Orc:2    | Found a staircase to the Elven Halls.
 21531 | Elf:1    | Entered Level 1 of the Elven Halls
 21561 | Elf:1    | Reached skill level 10 in Stealth
 21597 | Elf:1    | Learned a level 5 spell: Freezing Cloud
 21686 | Elf:1    | Noticed Louise
 21749 | Elf:1    | Killed Louise
 21749 | Elf:1    | XOM: silly message
 22218 | Elf:1    | Reached skill level 1 in Ice Magic
 22392 | Elf:1    | XOM: silly message
 22407 | Elf:1    | XOM: silly message
 22512 | Elf:1    | XOM: silly message
 22561 | Elf:1    | XOM: noise
 22628 | Elf:1    | Noticed Aizul
 22664 | Elf:1    | Killed Aizul
 22677 | Elf:1    | XOM: silly message
 22751 | Elf:1    | Killed from afar by a deep elf knight

Illustrated notes

Levels and vault maps discovered:
D:1:      saegor_arrival_simple_d, layout_basic,
          shapermc_ecumenical_altar_mp_ritualfount
D:2:      layout_loops_cross, corexii_item_surrounded_by_moat, uniq_robin
D:3:      layout_loops_ring, lemuel_coloured_pillars_altar, grunt_ministairs_9,
          nrook_mini_vaults, nicolae_figureground_sparkle, uniq_jessica
D:4:      kennysheep_big_flooded_room, layout_basic, serial_shops,
          nicolae_shop_hallway_plus, bh_walls_and_bars
D:5:      layout_cave_pools, zin_purify
D:6:      layout_gridville, minmay_misc_feat_alley
D:7:      layout_basic, minmay_temple_entry_gardened_gates,
          hangedman_decor_points, chequers_serial_rivers_micro_a,
          uniq_prince_ribbit1
D:8:      layout_basic, gammafunk_ghost_smash
D:9:      cheibrodos_barr_body, layout_basic, grunt_decor_arrowhead,
          monkooky_shop_alliterative, uniq_pikel
D:10:     cheibrodos_steamvent, layout_cave_pools, minmay_stone_trees_small,
          minmay_fractal_squares_gapless_5
D:11:     layout_loops_cross, due_lair_maze_entry_diamond, serial_shops,
          shop_statue, minivault_12
D:12:     minmay_diamond_stairs, layout_cross, ebering_ghost_disaster_area
Temple:   mainiacjoe_temple_cubbyholes
Lair:1:   layout_loops_ring, minmay_lair_oklob_items
Lair:2:   layout_chaotic_city, serial_bayou_shore_a, infiniplex_staircase_pool,
          lemuel_fruit_fields
Lair:3:   layout_regular_city, nicolae_swamp_entry_splash_gauntlet,
          hellmonk_spider_entry_life_and_decay, uniq_amaemon
Orc:1:    layout_caves, special_room [special_room_orc], uniq_erica
Orc:2:    st_orc_ogre_mass, layout_diamond_mine, special_room, uniq_josephine
Elf:1:    eino_elf_arrival_customs, layout_geoelf_diagonals,
          gammafunk_ghost_fury_of_okawaru, minmay_elf_necromancy, uniq_aizul,
          uniq_louise

Skill      XL: |  1  2  3  4  5  6  7  8  9 10 11 12 13 14 15 |
---------------+----------------------------------------------+-----
Stealth        | 2 3 4 5 6 8 9 10 | 10.3
Fighting       | 3 4 5 7 8 9 10 11 | 11.1
Ranged Weapons | 5 6 7 8 |  8.0
Short Blades   | 2 3 5 6 8 9 |  9.0
Evocations     | 2 4 5 6 7 8 |  8.0
Spellcasting   | 3 4 5 7 8 |  8.8
Air Magic      | 2 4 6 7 8 |  8.6
Conjurations   | 3 5 6 8 |  8.1
Armour         | 3 |  3.3
Dodging        | 4 6 7 |  7.1
Invocations    | 2 4 |  4.0
Ice Magic      | 2 |  2.0

Action                     |  1- 3 |  4- 6 |  7- 9 | 10-12 | 13-15 || total
---------------------------+-------+-------+-------+-------+-------++-------
  Melee: Short sword       |       |       |   118 |   281 |   682 ||  1081
         Punch             |       |       |     1 |     2 |    19 ||    22
         Dagger            |       |       |    25 |   127 |   419 ||   571
         Spear             |       |       |       |       |    19 ||    19
   Fire: Shortbow          |    80 |   195 |   173 |    72 |   105 ||   625
         Orcbow            |       |       |       |     6 |       ||     6
   Cast: Arcjolt           |       |       |       |       |     4 ||     4
 Invoke: Vitalisation      |       |       |       |       |     1 ||     1
  Evoke: Wand              |       |       |     4 |    12 |    19 ||    35
         Phial of floods   |       |       |       |       |     2 ||     2
    Use: Scroll            |       |     6 |     8 |     4 |    10 ||    28
         Potion            |       |       |     5 |     7 |     4 ||    16
   Stab: Invisible         |       |       |     6 |     3 |    14 ||    23
         Sleeping          |       |       |       |    12 |    15 ||    27
         Distracted        |       |       |       |     2 |     4 ||     6
         Confused          |       |       |       |     1 |     3 ||     4
 Armour: Leather armour    |    30 |    59 |    50 |       |       ||   139
         Ring mail         |       |       |   105 |    80 |       ||   185
         Skin              |       |       |    27 |       |       ||    27
         Steam dragon scal |       |       |       |   146 |   436 ||   582
  Dodge: Dodged            |    36 |    82 |   101 |   190 |   582 ||   991
  Block: Other             |       |       |       |       |   113 ||   113
         Reflection        |       |       |       |       |     2 ||     2

Table legend: (Time is in decaauts)
 A = Elapsed time spent in this place.
 B = Non-inter-level travel time spent in this place.
 C = Inter-level travel time spent in this place.
 D = Time resting spent in this place.
 E = Time spent auto-exploring this place.
 F = Levels seen in this place.
 G = Mean time per level.
                   A        B        C        D        E       F      G
               +--------+--------+--------+--------+--------+-----+--------+
         Total |  22235 |  20892 |   1343 |   3457 |  13078 |  19 | 1170.3 |
       Dungeon |  12230 |  11363 |    867 |   1221 |   7825 |  12 | 1019.2 |
        Temple |    287 |    100 |    187 |      0 |      0 |   1 |  287.0 |
          Lair |   5620 |   5388 |    232 |   1412 |   3245 |   3 | 1873.3 |
  Orcish Mines |   2922 |   2866 |     56 |    560 |   1381 |   2 | 1461.0 |
   Elven Halls |   1175 |   1175 |      0 |    263 |    626 |   1 | 1175.0 |
               +--------+--------+--------+--------+--------+-----+--------+

Top non-repeatable levels by time:
  Lair:2: 2540 daAuts
     D:9: 1979 daAuts
   Orc:2: 1899 daAuts
  Lair:3: 1805 daAuts
     D:7: 1718 daAuts
    D:10: 1429 daAuts
    D:11: 1415 daAuts
  Lair:1: 1274 daAuts
   Elf:1: 1175 daAuts
     D:8: 1090 daAuts
     D:4: 1086 daAuts
   Orc:1: 1022 daAuts
     D:2: 939 daAuts
     D:6: 791 daAuts
     D:5: 739 daAuts
